 Dungeon Crawl Stone Soup version 0.23.2-1-ga50397a (webtiles) character file.

Game seed: 5159640249662768403

378 TrebMcFLY the Chopper (level 6, -7/56 HPs)
             Began as a Minotaur Fighter on May 19, 2019.
             Mangled by Menkaure (17 damage)
             ... on level 5 of the Dungeon.
             The game lasted 00:07:12 (2548 turns).

TrebMcFLY the Chopper (Minotaur Fighter)            Turns: 2548, Time: 00:07:13

Health: -7/56      AC: 11    Str: 23    XL:     6   Next: 45%
Magic:  5/5        EV:  7    Int:  5    God:
Gold:   203        SH: 10    Dex:  9    Spells: 5/5 levels left

rFire    . . .     SeeInvis .   a - +0 war axe
rCold    . . .     Gourm    .   c - +0 shield
rNeg     . . .     Faith    .   b - +0 scale mail
rPois    .         Spirit   .   (helmet restricted)
rElec    .         Reflect  .   (no cloak)
rCorr    .         Harm     .   s - +0 pair of gloves
MR       .....                  (no boots)
Stlth    +.........             (no amulet)
HPRegen  0.18/turn              o - ring of stealth
MPRegen  0.09/turn              p - +3 ring of protection

@: no status effects
A: retaliatory headbutt, horns 2
a: no special abilities


You were on level 5 of the Dungeon.
You were not hungry.

You visited 1 branch of the dungeon, and saw 5 of its levels.

You collected 203 gold pieces.

Inventory:

Hand Weapons
 a - a +0 war axe (weapon)
Armour
 b - a +0 scale mail (worn)
 c - a +0 shield (worn)
 s - a +0 pair of gloves (worn)
Jewellery
 o - a ring of stealth (left hand)
 p - a +3 ring of protection (right hand)
Scrolls
 e - 2 scrolls of amnesia {unknown}
 h - 2 scrolls of random uselessness {unknown}
 i - 5 scrolls of identify {unknown}
 j - 2 scrolls of remove curse {unknown}
 m - 2 scrolls of enchant weapon {unknown}
 n - 3 scrolls of teleportation {unknown}
 v - a scroll of blinking {unknown}
 w - a scroll of enchant armour {unknown}
 x - a scroll of fog {unknown}
Potions
 d - a potion of might
 g - a potion of heal wounds {unknown}
 k - a potion of brilliance {unknown}
 l - 2 potions of mutation {unknown}
 q - a potion of lignification {unknown}
 r - 3 potions of curing {unknown}
 t - a potion of ambrosia {unknown}
Comestibles
 f - 8 rations
 u - 2 chunks of flesh


   Skills:
 + Level 5.0 Fighting
 * Level 5.6 Axes
 + Level 5.0 Armour
 + Level 5.1 Shields


You had 5 spell levels left.
You didn't know any spells.
Your spell library contained the following spells:

 Spells                   Type           Power        Failure   Level  Hunger
 Confusing Touch          Hex            #.....       99%         1    ##.....
 Confuse                  Hex            #.......     100%        3    ####...
 Gell's Gravitas          Tloc           #.........   100%        3    ####...
 Petrify                  Tmut/Erth      #.......     100%        4    #####..
 Metabolic Englaciation   Hex/Ice        #.........   100%        5    ######.
 Yara's Violent Unravell  Hex/Tmut       #.........   100%        5    ######.


Dungeon Overview and Level Annotations

Branches:
Dungeon (5/15)
 Temple: D:4-7

Altars:
Cheibriados
Trog
Yredelemnul

Shops:
D:5 (

Annotations:
D:5 1 transporter, Menkaure


Innate Abilities, Weirdness & Mutations

You reflexively headbutt those who attack you in melee.
You have a pair of horns on your head.


Message History

Something is bathed in an unholy light!
A jelly comes into view.
Menkaure gestures wildly while chanting.
Menkaure seems to speed up.
You block Menkaure's attack. The quokka closely misses you.
You furiously retaliate!
You headbutt the quokka!
You kill the quokka!
You hit Menkaure.
Menkaure is lightly damaged.
Menkaure calls on the powers of darkness!
Your body is wracked with pain!
You block Menkaure's attack.
You barely miss Menkaure.
Menkaure is lightly damaged.
Menkaure calls on the powers of darkness!
Your body is wracked with pain!
* * * LOW HITPOINT WARNING * * *
You hit Menkaure.
Menkaure is lightly damaged.
Menkaure hits you!
You die...

..............#.≈≈≈≈≈..#
#
##..#####.###.#..≈≈≈#.##
# #..#####.#
#.....###.## # #.
...##.#######.###... .
##.##.##.#....r........
..
#.......#.####.#......
..
####.####.####.#....J.
... #.####.#........M..
#.....@M.##.#......
######.####........
#.............
##.....©.......
#..#########...
#.##8V5_|$8##.#
#.#SY%($(?..#.#
#.#..#...#..#.#
#.#.#.....#.#.#


You could see a vampire, a sky beast, Menkaure, an adder and a shadow imp.

Vanquished Creatures
  A crimson imp (D:5)
  2 hounds
  An orc priest (D:3)
  A bullfrog skeleton (D:5)
  2 worker ants (D:4)
  A hound zombie (D:5)
  7 adders
  2 oozes
  2 worms (D:3)
  3 dart slugs
  5 leopard geckos
  3 orcs (D:3)
  10 goblins
  8 hobgoblins
  8 jackals
  3 quokkas
  2 ball pythons (D:3)
  7 bats
  3 frilled lizards
  6 kobolds
  5 rats
82 creatures vanquished.

Notes
Turn   | Place    | Note
-------+----------+-------------------------------------------
     0 | D:1      | TrebMcFLY the Minotaur Fighter began the quest for the Orb.
     0 | D:1      | Reached XP level 1. HP: 19/19 MP: 0/0
    51 | D:1      | Reached XP level 2. HP: 27/27 MP: 1/1
   553 | D:2      | Reached XP level 3. HP: 33/33 MP: 2/2
   919 | D:2      | Reached XP level 4. HP: 19/40 MP: 3/3
  1196 | D:2      | Found a bloodstained altar of Trog.
  1850 | D:3      | Reached XP level 5. HP: 31/47 MP: 4/4
  2079 | D:4      | Noticed an ogre
  2194 | D:4      | Reached skill level 5 in Axes
  2350 | D:4      | Reached XP level 6. HP: 51/55 MP: 5/5
  2383 | D:5      | Entered Level 5 of the Dungeon
  2422 | D:5      | Reached skill level 5 in Shields
  2431 | D:5      | Found a snail-covered altar of Cheibriados.
  2440 | D:5      | Reached skill level 5 in Fighting
  2440 | D:5      | Reached skill level 5 in Armour
  2475 | D:5      | Found Koakoyhe's Weapon Emporium.
  2518 | D:5      | Found a basalt altar of Yredelemnul.
  2519 | D:5      | Noticed a vampire
  2522 | D:5      | Found a transporter.
  2522 | D:5      | Noticed a sky beast
  2530 | D:5      | Noticed Menkaure
  2548 | D:5      | Mangled by Menkaure

Skill      XL: |  1  2  3  4  5  6 |
---------------+-------------------+-----
Axes           | 3 4 5 |  5.6
Fighting       | 4 5 |  5.0
Shields        | 4 5 |  5.1
Armour         | 4 5 |  5.0

Action                   |  1- 3 |  4- 6 || total
-------------------------+-------+-------++-------
Melee: War axe           |    88 |   109 ||   197
       Headbutt          |     7 |    21 ||    28
  Eat: Chunk             |       |     6 ||     6
Armor: Scale mail        |    46 |    46 ||    92
Dodge: Dodged            |    33 |    39 ||    72
Block: Shield            |    50 |    56 ||   106
